 Dungeon Crawl Stone Soup version 0.30-a0-190-g22c9a3c0ff (webtiles) character file.

Game seed: 10695752518095362434

118 Seczel the Chopper (level 4, -1/41 HPs)
             Began as a Minotaur Berserker on Oct 3, 2022.
             Was a Believer of Trog.
             Slain by an iguana (9 damage)
             ... on level 2 of the Dungeon on Oct 4, 2022.
             The game lasted 00:08:39 (1980 turns).

Seczel the Chopper (Minotaur Berserker)             Turns: 1980, Time: 00:08:39

Health: -1/41      AC:  9    Str: 24      XL:     4   Next: 72%
Magic:  3/3        EV: 10    Int:  3 (4)  God:    Trog [**....]
Gold:   69         SH:  0    Dex:  8 (9)  Spells: 3/3 levels left

rFire   . . .      SeeInvis .    f - +4 dagger
rCold   + . .      Faith    .    (no shield)
rNeg    . . .      Spirit   .    h - +0 scale mail
rPois   .          Reflect  .    (helmet restricted)
rElec   .          Harm     .    b - +0 cloak
rCorr   .          Rampage  .    (no gloves)
Will    ++...                    (no boots)
Stlth   ..........               (no amulet)
HPRegen 1.26/turn                e - ring of protection from cold
MPRegen 0.08/turn                (no ring)

@: strong-willed, regenerating
A: horns 2, retaliatory headbutt, iridescent scales 1, deterioration 1,
screaming 1
a: Renounce Religion, Berserk, Trog's Hand


You were on level 2 of the Dungeon.
You worshipped Trog.
Trog was pleased with you.
You visited 1 branch of the dungeon, and saw 3 of its levels.

You collected 69 gold pieces.

Inventory:

Hand Weapons
 a - a +0 hand axe
 f - a +4 dagger (weapon)
Armour
 b - a +0 cloak (worn)
 h - a +0 scale mail (worn)
Jewellery
 e - a ring of protection from cold (left hand)
Scrolls
 i - a scroll of enchant armour {unknown}
Potions
 c - a potion of lignification
 d - 2 potions of flight
 g - a potion of attraction {unknown}


   Skills:
 + Level 4.6 Fighting
 + Level 5.1 Axes
 + Level 2.8 Armour
 + Level 3.1 Dodging
 + Level 0.4 Stealth


You had 3 spell levels left.
You didn't know any spells.
Your spell library was empty.

Dungeon Overview and Level Annotations

Branches:
Dungeon (3/15)

Altars:
Okawaru


Innate Abilities, Weirdness & Mutations

You have a pair of horns on your head.
You reflexively headbutt those who attack you in melee.
You are partially covered in iridescent scales. (AC +2)
Your body sometimes deteriorates upon taking damage.
You occasionally shout uncontrollably at your foes.


Message History

The iguana is lightly wounded.
The iguana misses you.
You barely miss the iguana. Your headbutt misses the iguana.
The iguana is lightly wounded.
The iguana bites you but does no damage.
You barely miss the iguana.
The iguana is lightly wounded.
The iguana bites you!
You closely miss the iguana.
The iguana is lightly wounded.
The iguana bites you but does no damage.
You hit the iguana. You headbutt the iguana.
The iguana is heavily wounded.
The iguana bites you but does no damage.
You hit the iguana but do no damage.
The iguana is heavily wounded.
The iguana bites you!
* * * LOW HITPOINT WARNING * * *
Your body deteriorates!
You feel dopey.
You hit the iguana.
The iguana is heavily wounded.
The iguana bites you!
* * * LOW HITPOINT WARNING * * *
You hit the iguana but do no damage.
The iguana is heavily wounded.
The iguana hisses menacingly.
The iguana closely misses you.
You closely miss the iguana.
The iguana is heavily wounded.
The iguana bites you but does no damage.
You hit the iguana. Your headbutt misses the iguana.
The iguana is heavily wounded.
The iguana bites you but does no damage.
You barely miss the iguana. You punch the iguana, but do no damage.
The iguana is heavily wounded.
The iguana bites you but does no damage.
You barely miss the iguana. Your headbutt misses the iguana.
The iguana is heavily wounded.
The iguana bites you!
You die...

#..........
#.#########
#.# # #†# #
###### #.# #
#^...# #.# #
#.##.######.#
#
#...........#
#
####@l...####
# #...#...###
#
###...#...##
# ###.###..#
# #....#.# #
####...### #
##....# #
#####..#####
#######
#..........#


You could see an iguana.

Vanquished Creatures
  Natasha (twice) (D:2)
  A gnoll (D:1)
  An adder (D:2)
  A worm (D:2)
  A dart slug (D:2)
  3 ball pythons
  3 endoplasms
  A giant cockroach (D:1)
  8 goblins
  4 hobgoblins
  A quokka (D:2)
  5 bats
  A frilled lizard (D:1)
  9 kobolds
  4 rats
45 creatures vanquished.

Notes
Turn   | Place    | Note
-------+----------+-------------------------------------------
     0 | D:1      | Seczel the Minotaur Berserker began the quest for the Orb.
     0 | D:1      | Reached XP level 1. HP: 19/19 MP: 0/0
   221 | D:1      | Reached skill level 4 in Axes
   269 | D:1      | Reached XP level 2. HP: 25/27 MP: 1/1
   596 | D:1      | Reached XP level 3. HP: 33/33 MP: 2/2
   792 | D:1      | Reached ** piety under Trog
   842 | D:1      | Gained mutation: Your body sometimes deteriorates upon
                  | taking damage. [potion of mutation]
   842 | D:1      | Gained mutation: You occasionally shout uncontrollably at
                  | your foes. [potion of mutation]
   842 | D:1      | Gained mutation: You are partially covered in iridescent
                  | scales. (AC +2) [potion of mutation]
  1436 | D:2      | Identified the +4 short sword "Jaluad" {venom, rCorr}
  1504 | D:2      | Found an iron altar of Okawaru.
  1686 | D:2      | Noticed Natasha
  1695 | D:2      | Killed Natasha
  1696 | D:2      | Reached XP level 4. HP: 38/41 MP: 3/3
  1722 | D:2      | Reached skill level 5 in Axes
  1800 | D:2      | Noticed Natasha
  1807 | D:2      | Killed Natasha
  1975 | D:2      | HP: 2/41 [iguana (9)]
  1980 | D:2      | Slain by an iguana

Illustrated notes

Levels and vault maps discovered:
D:1:      nzn_arrival_settlement, layout_basic
D:2:      layout_basic, basic_altar, uniq_natasha
D:3:      layout_basic, serial_forest, infiniplex_forest_lined_ring,
          infiniplex_forest_clump_double, infiniplex_forest_straight_4,
          infiniplex_forest_3_way, infiniplex_forest_join,
          infiniplex_forest_clump_tiny, infiniplex_forest_zigzag_1,
          shapermc_ecumenical_altar_hornbeckon, solitary_fountain,
          kennysheep_potato

Skill      XL: |  1  2  3  4 |
---------------+-------------+-----
Axes           | 4 5 |  5.1
Fighting       | 4 |  4.6
Dodging        | 3 |  3.1
Armour         | |  2.8
Stealth        | |  0.4

Action                   |  1- 3 |  4- 6 || total
-------------------------+-------+-------++-------
Melee: Hand axe          |    85 |     4 ||    89
       Headbutt          |    17 |     5 ||    22
       Dagger            |       |    25 ||    25
       Punch             |       |     2 ||     2
Invok: Trog's Hand       |       |     1 ||     1
  Use: Scroll            |     3 |     2 ||     5
       Potion            |     1 |       ||     1
Armor: Animal skin       |    20 |       ||    20
       Scale mail        |    11 |    11 ||    22
Dodge: Dodged            |    39 |    10 ||    49

Table legend: (Time is in decaauts)
 A = Elapsed time spent in this place.
 B = Non-inter-level travel time spent in this place.
 C = Inter-level travel time spent in this place.
 D = Time resting spent in this place.
 E = Time spent auto-exploring this place.
 F = Levels seen in this place.
 G = Mean time per level.
                   A        B        C        D        E       F      G
               +--------+--------+--------+--------+--------+-----+--------+
         Total |   1992 |   1992 |      0 |     96 |   1480 |   3 |  664.0 |
       Dungeon |   1992 |   1992 |      0 |     96 |   1480 |   3 |  664.0 |
               +--------+--------+--------+--------+--------+-----+--------+

Top non-repeatable levels by time:
     D:2: 1098 daAuts
     D:1: 887 daAuts
     D:3: 6 daAuts
